 Dungeon Crawl Stone Soup version 0.26-a0-854-gdc81c2f471 (webtiles) character file.

Game seed: 798437706297647670

20677 mhtbhm the Basher (level 12, -2/74 HPs)
             Began as a Gargoyle Fighter on Nov 22, 2020.
             Was a High Priest of Okawaru.
             Slain by a soul eater (11 damage)
             ... summoned by an orc sorcerer
             ... led by an orc high priest
             ... on level 2 of the Orcish Mines.
             The game lasted 00:33:52 (15607 turns).

mhtbhm the Basher (Gargoyle Fighter)               Turns: 15607, Time: 00:33:52

Health: -2/74      AC: 21    Str: 37    XL:     12   Next: 82%
Magic:  12/12      EV: 13    Int:  9    God:    Okawaru [*****.]
Gold:   642        SH: 19    Dex: 12    Spells: 11/11 levels left

rFire    . . .     SeeInvis .   a - +3 mace (vorpal)
rCold    + . .     Faith    .   c - +0 kite shield
rNeg     + . .     Spirit   .   b - +2 scale mail {rC+}
rPois    ∞         Reflect  +   B - +1 hat
rElec    +         Harm     .   e - scarf {repulsion}
rCorr    .         Rampage  .   m - +0 pair of gloves of the Kangaroo {rElec Regen+ Dex+3}
MR       .....                  (no boots)
Stlth    +.........             u - amulet of reflection
HPRegen  0.62/turn              r - +6 ring of strength
MPRegen  0.13/turn              n - +6 ring of strength

@: lightly drained, repel missiles
A: negative energy resistance 1, electricity resistance, unbreathing,
petrification resistance, rot immunity, AC +8
a: Heroism, Finesse, Renounce Religion


You were on level 2 of the Orcish Mines.
You worshipped Okawaru.
Okawaru was extremely pleased with you.
You visited 2 branches of the dungeon, and saw 15 of its levels.

You collected 1032 gold pieces.
You spent 390 gold pieces at shops.

Inventory:

Hand Weapons
 a - a +3 vorpal mace (weapon)
Armour
 b - a +2 scale mail of cold resistance (worn)
 c - a +0 kite shield (worn)
 e - a scarf of repulsion (worn)
 m - the +0 pair of gloves of the Kangaroo (worn) {rElec Regen+ Dex+3}
   (Okawaru gifted it to you on level 12 of the Dungeon)

   It affects your dexterity (+3).
   It insulates you from electricity.
   It increases your rate of regeneration.
 B - a +1 hat (worn)
Jewellery
 k - an uncursed ring of ice
 n - a +6 ring of strength (right hand)
 r - a +6 ring of strength (left hand)
 u - an amulet of reflection (around neck)
 x - an uncursed ring of protection from fire
 K - an uncursed ring of resist corrosion
Wands
 l - a wand of disintegration (24)
 C - a wand of digging (2)
 I - a wand of flame (13)
 L - a wand of paralysis (3)
Scrolls
 g - 2 scrolls of enchant armour
 i - 10 scrolls of teleportation
 t - 8 scrolls of remove curse
 y - 3 scrolls of immolation
 A - 4 scrolls of enchant weapon {unknown}
 D - a scroll of magic mapping {unknown}
 F - a scroll of amnesia {unknown}
 J - a scroll of holy word {unknown}
 M - a scroll of identify
Potions
 d - 2 potions of might
 f - 5 potions of attraction
 h - 2 potions of brilliance
 j - 2 potions of curing
 o - a potion of lignification
 q - 4 potions of haste
 v - a potion of degeneration
 w - 2 potions of cancellation {unknown}
 z - a potion of magic
 E - 2 potions of flight {unknown}
 G - a potion of berserk rage {unknown}


   Skills:
 + Level 8.2(8.0) Fighting
 + Level 12.6(12.3) Maces & Flails
 + Level 7.8(7.6) Armour
 + Level 5.9(5.6) Dodging
 + Level 3.5(3.3) Stealth
 + Level 12.3(12.0) Shields
 + Level 0.4(0.2) Invocations
 + Level 2.2(2.0) Evocations


You had 11 spell levels left.
You didn't know any spells.
Your spell library contained the following spells:

 Spells                   Type           Power        Failure   Level
 Animate Skeleton         Necr           #.....       69%         1
 Apportation              Tloc           #.....       69%         1
 Corona                   Hex            #......      69%         1
 Foxfire                  Conj/Fire      #...         69%         1
 Sting                    Tmut/Pois      #...         69%         1
 Summon Small Mammal      Summ           #...         69%         1
 Call Imp                 Summ           #.......     83%         2
 Corpse Rot               Necr/Air       N/A          83%         2
 Poisonous Vapours        Pois/Air       #.....       83%         2
 Call Canine Familiar     Summ           #.......     96%         3
 Conjure Flame            Conj/Fire      #.......     96%         3
 Ignite Poison            Fire/Tmut/Pois #.......     96%         3
 Inner Flame              Hex/Fire       #.......     96%         3
 Mephitic Cloud           Conj/Pois/Air  #.......     96%         3
 Summon Guardian Golem    Hex/Summ       #.......     96%         3
 Cause Fear               Hex            #.........   100%        4
 Dispel Undead            Necr           #.......     100%        4
 Olgreb's Toxic Radiance  Pois           #.......     100%        4
 Sticky Flame             Conj/Fire      #.......     100%        4
 Summon Ice Beast         Ice/Summ       #.......     100%        4
 Summon Lightning Spire   Summ/Air       #.......     100%        4
 Agony                    Necr           #.......     100%        5
 Excruciating Wounds      Necr           #.........   100%        5
 Fireball                 Conj/Fire      #.........   100%        5
 Silence                  Hex/Air        #.........   100%        5
 Yara's Violent Unravell  Hex/Tmut       #.........   100%        5
 Discord                  Hex            #.........   100%        8
 Sublimation of Blood     Necr           Unusable     N/A         2

Dungeon Overview and Level Annotations

Branches:
Dungeon (13/15)            Temple (0/1) D:7            Lair (0/6) D:8
    Orc (2/2) D:12
    Elf: Orc:2       Vaults: D:13-14

Altars:
Dithmenos
Okawaru
Qazlal

Shops:
D:8 }   D:9 [   D:12 ((=   Orc:1 (


Innate Abilities, Weirdness & Mutations

You are resistant to torment.
Your stone body is resilient. (AC +8)
You are immune to poison.
You resist negative energy. (rN+)
You are resistant to electric shocks. (rElec)
You can survive without breathing.
You are immune to petrification.
You are immune to rotting.


Message History

The orc high priest mumbles some strange prayers to Beogh against you.
Beogh smites you! You block the orc's attack.
The orc sorcerer points at you and mumbles some strange words.
The bolt of fire hits you!!
The soul eater hits you but does no damage.
You are too injured to fight recklessly!
You are too injured to fight recklessly!
You are too injured to fight recklessly!
You are too injured to fight recklessly!
As you read the scroll of fear, it crumbles to dust.
You assume a fearsome visage.
The soul eater is unaffected.
The orc high priest looks frightened!
The orc looks frightened!
The orc warrior looks frightened!
The orc sorcerer resists with some effort.
The orc looks frightened!
The orc sorcerer gestures at you while chanting.
The bolt of fire hits you!
* * * LOW HITPOINT WARNING * * *
The soul eater hits you!
You die...

###.### .... #.....#
....# ##.....###
....##### #.....##.##
....#..###.........##
#ooo..#............##
#o......<...#......#
#)o3....#####......
##@.....## #.......
###........###.......
#..........##.......#
........##....#.)))..##
........####......)..##
........# ##......###
..#...### ###.....##
..##.# ##........### .#
##...........##


You could see a soul eater (summoned), an orc high priest (fleeing), an orc
sorcerer, an orc warrior (fleeing) and 2 orcs.

Vanquished Creatures
  A boulder beetle (D:12)
  2 centaur warriors
  Erica (D:8)
  An unseen horror (D:11)
  Pikel (D:6)
  2 orc sorcerers (Orc:2)
  3 orc knights
  A deep elf mage (D:6)
  3 cyclopes
  2 ugly things (D:11)
  Joseph (D:7)
  A manticore (D:12)
  Maggie (D:8)
  A freezing wraith (D:11)
  A komodo dragon (D:8)
  An efreet (D:9)
  A troll (Orc:1)
  3 vampire mosquitoes (D:12)
  Edmund (D:6)
  An acid dragon (D:12)
  A water moccasin (D:12)
  19 orc warriors
  8 ogres
  3 black bears
  3 phantoms
  3 ice beasts
  6 sky beasts
  15 centaurs
  A lemure (D:6)
  7 bullfrogs
  2 big kobolds
  A wyvern skeleton (D:13)
  7 scorpions
  11 killer bees
  7 wights
  10 howler monkeys
  An electric eel (D:8)
  3 bullfrog zombies
  Crazy Yiuf (D:6)
  5 hounds
  13 orc priests
  3 centaur zombies
  18 orc wizards
  2 jellies
  4 centaur skeletons
  A bullfrog skeleton (D:6)
  An iguana (D:10)
  Ijyb (D:5)
  10 worker ants
  5 hound skeletons
  A worker ant zombie (D:8)
  3 gnolls (D:2)
  A howler monkey skeleton (D:8)
  13 adders
  2 shadow imps
  4 white imps
  An ooze (D:2)
  2 adder skeletons
  4 worms
  6 dart slugs
  7 leopard geckos
  74 orcs
  A ball python (D:1)
  5 giant cockroaches
  11 goblins
  14 hobgoblins
  15 jackals
  29 kobolds
  6 quokkas
  16 bats
  2 frilled lizards
  A jackal skeleton (D:5)
  A leopard gecko skeleton (D:4)
  12 rats
432 creatures vanquished.

Vanquished Creatures (others)
  An orc (Orc:2)
  19 fungi (D:8)
  71 plants
91 creatures vanquished.

Grand Total: 523 creatures vanquished

Notes
Turn   | Place    | Note
-------+----------+-------------------------------------------
     0 | D:1      | mhtbhm the Gargoyle Fighter began the quest for the Orb.
     0 | D:1      | Reached XP level 1. HP: 14/14 MP: 1/1
   245 | D:1      | Reached XP level 2. HP: 8/19 MP: 2/2
   723 | D:1      | Reached XP level 3. HP: 20/23 MP: 3/3
  1352 | D:2      | Reached XP level 4. HP: 25/29 MP: 4/4
  1517 | D:2      | Found a stormy altar of Qazlal.
  1646 | D:2      | Reached XP level 5. HP: 31/33 MP: 5/5
  2993 | D:4      | Reached skill level 1 in Dodging
  2993 | D:4      | Reached XP level 6. HP: 22/38 MP: 6/6
  3496 | D:4      | Reached skill level 5 in Shields
  3496 | D:4      | Reached XP level 7. HP: 43/43 MP: 7/7
  3573 | D:4      | Reached skill level 5 in Maces & Flails
  4018 | D:5      | Entered Level 5 of the Dungeon
  4298 | D:5      | Reached XP level 8. HP: 43/48 MP: 8/8
  4489 | D:5      | Reached skill level 5 in Armour
  4954 | D:5      | Found an iron altar of Okawaru.
  4964 | D:5      | Became a worshipper of Warmaster Okawaru
  5335 | D:5      | Got a shimmering tin amulet
  5341 | D:5      | Identified the amulet of the Countless Artists {Inacc rN++
                  | Str-2} (You found it on level 5 of the Dungeon)
  5543 | D:5      | Noticed Ijyb
  5557 | D:5      | Killed Ijyb
  5987 | D:6      | Noticed Edmund
  5993 | D:6      | Reached skill level 1 in Stealth
  6010 | D:6      | Killed Edmund
  6010 | D:6      | Reached * piety under Okawaru
  6011 | D:6      | Reached XP level 9. HP: 47/53 MP: 9/9
  6176 | D:6      | Noticed Pikel
  6192 | D:6      | Killed Pikel
  6193 | D:6      | Reached skill level 5 in Fighting
  6303 | D:6      | Found a runed translucent door.
  6304 | D:6      | Noticed Crazy Yiuf
  6901 | D:6      | Reached ** piety under Okawaru
  7351 | D:6      | Noticed a deep elf mage
  7364 | D:6      | Killed a deep elf mage
  7630 | D:6      | Killed Crazy Yiuf
  7684 | D:7      | Reached XP level 10. HP: 59/59 MP: 10/10
  7760 | D:7      | Found a shadowy altar of Dithmenos.
  7798 | D:7      | Noticed Joseph
  7814 | D:7      | Killed Joseph
  7814 | D:7      | Reached *** piety under Okawaru
  7862 | D:7      | Found a staircase to the Ecumenical Temple.
  8295 | D:8      | HP: 3/60 [komodo dragon (18)]
  8635 | D:8      | Reached **** piety under Okawaru
  8683 | D:8      | Identified the cursed +1 quarterstaff "Murmur" {drain, rC++
                  | Str+4}
  9079 | D:8      | Noticed Maggie
  9084 | D:8      | Noticed Erica
  9089 | D:8      | Killed Maggie
  9090 | D:8      | Reached skill level 10 in Maces & Flails
  9109 | D:8      | Killed Erica
  9114 | D:8      | Reached skill level 1 in Evocations
  9354 | D:8      | Found a staircase to the Lair.
  9512 | D:8      | Found Jocy's Gadget Boutique.
 10048 | D:9      | Reached XP level 11. HP: 55/65 MP: 8/11
 10234 | D:9      | Reached ***** piety under Okawaru
 10244 | D:9      | Found Dekkuvvi's Antique Armour Shoppe.
 10291 | D:9      | Found a large runed translucent door.
 10291 | D:9      | Found a large runed translucent door.
 10380 | D:9      | Found a large runed translucent door.
 10380 | D:9      | Found a large runed translucent door.
 10383 | D:9      | Paralysed by a centaur for 5 turns
 10680 | D:9      | Noticed a centaur warrior
 10697 | D:9      | Killed a centaur warrior
 10698 | D:9      | Reached skill level 10 in Shields
 10960 | D:10     | Entered Level 10 of the Dungeon
 11056 | D:10     | Noticed a cyclops
 11070 | D:10     | Killed a cyclops
 12123 | D:11     | Killed an unseen horror
 12123 | D:11     | Received a gift from Okawaru
 12485 | D:11     | Noticed a green ugly thing
 12488 | D:11     | Noticed a brown ugly thing
 12498 | D:11     | Killed a brown ugly thing
 12498 | D:11     | Received a gift from Okawaru
 12512 | D:11     | Killed a green ugly thing
 12513 | D:11     | Reached skill level 5 in Dodging
 12908 | D:12     | Noticed a boulder beetle
 13423 | D:12     | Noticed a manticore
 13436 | D:12     | Killed a manticore
 13581 | D:12     | Found Eshru Joo's Weapon Boutique.
 13614 | D:12     | Reached XP level 12. HP: 73/73 MP: 12/12
 13838 | D:12     | Found a staircase to the Orcish Mines.
 13874 | D:12     | Found Paseis's Jewellery Shoppe.
 13889 | D:13     | Noticed a centaur warrior
 13914 | D:13     | Killed a centaur warrior
 14150 | D:12     | HP: 1/73 [boulder beetle (16)]
 14156 | D:12     | Killed a boulder beetle
 14156 | D:12     | Received a gift from Okawaru
 14161 | D:12     | Got a pair of faintly humming gloves {god gift}
 14172 | D:12     | Identified the +0 pair of gloves of the Kangaroo {rElec
                  | Regen+ Dex+3} (Okawaru gifted it to you on level 12 of the
                  | Dungeon)
 14616 | D:12     | Bought an uncursed amulet of reflection for 390 gold pieces
 14708 | D:12     | Found Rofomam's Antique Weapon Shop.
 14906 | Orc:1    | Entered Level 1 of the Orcish Mines
 14908 | Orc:1    | Found Jucaek's Weapon Boutique.
 15252 | Orc:2    | Entered Level 2 of the Orcish Mines
 15600 | Orc:2    | Noticed an orc high priest
 15603 | Orc:2    | Noticed a soul eater
 15607 | Orc:2    | Slain by a soul eater

Illustrated notes

Levels and vault maps discovered:
D:1:      saegor_arrival_simple_b, layout_loops_ring, st_stairs_4,
          chequers_avenue
D:2:      minmay_skewed_foursquare, layout_rooms, grunt_qazlal_sundering
D:3:      minmay_diamond_boxcup, layout_loops_cross
D:4:      layout_basic
D:5:      kennysheep_kobold_camp, layout_layer_cave, okawaru_trees_2, uniq_ijyb
D:6:      layout_layer_cave, nicolae_overflow_hidden_temple,
          guppyfry_early_elven_hall, uniq_crazy_yiuf_cottage, uniq_edmund,
          uniq_pikel
D:7:      layout_rooms, minmay_temple_entry_junction,
          nicolae_dithmenos_shadow_blocks, uniq_joseph
D:8:      layout_rooms, grunt_lair_entry_orc_guard_hut, serial_shops,
          kennysheep_mini_moat, water_boxes_lemuel, uniq_maggie, uniq_erica
D:9:      layout_rooms, serial_shops, shop_statue, minmay_hollow_rounded_squares
D:10:     layout_basic, kennysheep_pointless_box
D:11:     layout_basic, grunt_decor_junction, minmay_tree_intersection
D:12:     layout_rooms, hiddenorc2_lemuel, serial_shops,
          nicolae_shop_behind_doors, shop_statue, shop, st_stairs_11
D:13:     layout_roguey, grunt_vaults_entry_fortified
Orc:1:    layout_caves, serial_shops, shop
Orc:2:    grunt_orc_cross, layout_diamond_mine, nooodl_orcs_dogs

Skill      XL: |  1  2  3  4  5  6  7  8  9 10 11 12 |
---------------+-------------------------------------+-----
Armour         | 4 5 6 7 |  7.8
Shields        | 4 5 6 8 9 10 12 | 12.3
Maces & Flails | 3 4 5 7 9 10 11 12 | 12.6
Dodging        | 1 2 3 4 5 |  5.9
Fighting       | 4 5 6 7 8 |  8.2
Stealth        | 1 2 3 |  3.5
Evocations     | 1 2 |  2.2
Invocations    | |  0.4

Action                   |  1- 3 |  4- 6 |  7- 9 | 10-12 || total
-------------------------+-------+-------+-------+-------++-------
Melee: Flail             |   119 |   257 |   385 |   545 ||  1306
       Mace              |       |       |       |   469 ||   469
Invok: Heroism           |       |       |       |     3 ||     3
Evoke: Wand              |       |       |       |    23 ||    23
  Use: Scroll            |       |     3 |     5 |     6 ||    14
       Potion            |       |     1 |       |    12 ||    13
 Stab: Sleeping          |       |       |       |     1 ||     1
       Distracted        |       |       |       |     1 ||     1
       Paralysed         |       |       |       |     1 ||     1
Armor: Scale mail        |    80 |    64 |       |    23 ||   167
       Ring mail         |       |    83 |   169 |   293 ||   545
       Plate armour      |       |       |       |     6 ||     6
Dodge: Dodged            |    43 |   113 |   121 |   321 ||   598
       Repelled          |       |       |     2 |     7 ||     9
Block: Kite shield       |    76 |   202 |   253 |   692 ||  1223
       Reflection        |       |       |       |    18 ||    18

Table legend: (Time is in decaauts)
 A = Elapsed time spent in this place.
 B = Non-inter-level travel time spent in this place.
 C = Inter-level travel time spent in this place.
 D = Time resting spent in this place.
 E = Time spent auto-exploring this place.
 F = Levels seen in this place.
 G = Mean time per level.
                   A        B        C        D        E       F      G
               +--------+--------+--------+--------+--------+-----+--------+
         Total |  15651 |  15505 |    146 |   3284 |   8460 |  15 | 1043.4 |
       Dungeon |  15083 |  14937 |    146 |   3153 |   8253 |  13 | 1160.2 |
  Orcish Mines |    567 |    567 |      0 |    131 |    207 |   2 |  283.5 |
               +--------+--------+--------+--------+--------+-----+--------+

Top non-repeatable levels by time:
     D:6: 1805 daAuts
     D:5: 1663 daAuts
    D:12: 1459 daAuts
     D:8: 1315 daAuts
     D:4: 1286 daAuts
     D:1: 1278 daAuts
    D:11: 1096 daAuts
     D:3: 1091 daAuts
    D:10: 1024 daAuts
     D:7: 1015 daAuts
     D:9: 925 daAuts
     D:2: 714 daAuts
    D:13: 407 daAuts
   Orc:2: 336 daAuts
   Orc:1: 231 daAuts
